 Dungeon Crawl Stone Soup version 0.16.2-12-gd0ad4c3 (webtiles) character file.

38 faibistes the Magician (level 3, 0/19 HPs)
             Began as a Deep Elf Wizard on Mar 24, 2018.
             Slain by a bat (1 damage)
             ... on level 1 of the Dungeon.
             The game lasted 00:02:47 (956 turns).

faibistes the Magician (Deep Elf Wizard)             Turns: 956, Time: 00:02:47

Health: 0/19       AC:  3    Str:  4    XL:     3   Next: 25%
Magic:  1/14       EV: 13    Int: 23    God:
Gold:   38         SH:  0    Dex: 13    Spells: 5 memorised, 1 level left

rFire  . . .     SeeInvis .     i - +0 dagger
rCold  . . .     Clarity  .     a - +0 robe
rNeg   . . .     SustAb   .     (no shield)
rPois  .         Gourm    .     b - +0 hat
rElec  .         Spirit   .     (no cloak)
rCorr  .         Warding  .     (no gloves)
rMut   .         Stasis   .     j - +0 pair of boots (curse)
MR     .....                    (no amulet)
Stlth  ++........               (no ring)
                                (no ring)

@: very slightly contaminated, not resistant to hostile enchantments, unstealthy
A: no striking features
a: no special abilities


You were on level 1 of the Dungeon.
You were not hungry.

You visited 1 branch of the dungeon, and saw 2 of its levels.

You collected 38 gold pieces.

Inventory:

Hand weapons
 i - a +0 dagger (weapon)
Armour
 a - a +0 robe (worn)
 b - a +0 hat (worn)
 j - a cursed +0 pair of boots (worn)
Scrolls
 e - a scroll of amnesia {unknown}
 f - a scroll of enchant armour {unknown}
 g - a scroll of identify {unknown}
 k - a scroll of recharging {unknown}
Potions
 h - a potion of cure mutation {unknown}
 l - 2 potions of brilliance {unknown}
 m - a potion of ambrosia {unknown}
Books
 c - a book of Minor Magic

   Spells                             Type                      Level
   a - Magic Dart                     Conjuration                  1
   b - Blink                          Translocation                2
   c - Call Imp                       Summoning                    2
   d - Repel Missiles                 Charms/Air                   2
   e - Slow                           Hexes                        2
   f - Conjure Flame                  Conjuration/Fire             3
   g - Mephitic Cloud                 Conjuration/Poison/Air       3
Comestibles
 d - 3 bread rations


   Skills:
 + Level 2.8 Dodging
 - Level 2.4 Stealth
 * Level 5.1 Spellcasting
 * Level 2.5 Conjurations
 - Level 1.1 Summonings
 - Level 1.1 Translocations


You had one spell level left.
You knew the following spells:

 Your Spells              Type           Power        Failure   Level  Hunger
a - Magic Dart            Conj           ###.         3%          1    None
b - Conjure Flame         Conj/Fire      ##......     17%         3    ##.....
c - Call Imp              Summ           ##......     12%         2    None
d - Blink                 Tloc           N/A          12%         2    None
e - Mephitic Cloud        Conj/Pois/Air  #.......     21%         3    ##.....


Dungeon Overview and Level Annotations

Branches:
Dungeon (2/15)

Altars:


Message History

Casting: Call Imp
Confirm with . or Enter, or press ? or * to list all spells.
Aiming: Magic Dart
Press: ? - help, Shift-Dir - straight line, p - adder The magic dart hits the kobold.
The bat hits you.
* * * LOW HITPOINT WARNING * * *
The rat closely misses you. The kobold hits you with a whip.
* * * LOW HITPOINT WARNING * * *
Casting: Magic Dart
Confirm with . or Enter, or press ? or * to list all spells.
Aiming: Magic Dart
Press: ? - help, Shift-Dir - straight line, f - kobold
Aim: a kobold, wielding a whip The magic dart hits the kobold.
The kobold is heavily wounded.
The bat closely misses you. The rat misses you. The kobold barely misses you.
The bat hits you but does no damage. The bat closely misses you.
The bat hits you.
You die...

##.....######.....
#.S.5....# #.###.
#........####.# #.
#..........#..# #.
##..†..###.#.## #.
##.K...## .. #.
##r.##### #.. ##
#..b# . #..@#
#....# .# #....#
#..## #....# ...
#....# .# #.
#...!# ....#.
#....# #... ##..##
#### .


You could see an adder (confused), a bat, a kobold, a rat and a friendly crimson
imp.

Vanquished Creatures
  An adder (D:2)
  A gnoll (D:1)
  A worm (D:1)
  4 bats
  A goblin (D:1)
  A ball python (D:1)
  3 giant newts
  3 kobolds
  3 rats (D:1)
18 creatures vanquished.

Vanquished Creatures (collateral kills)
  A rat (D:1)
1 creature vanquished.

Grand Total: 19 creatures vanquished

Notes
Turn   | Place    | Note
--------------------------------------------------------------
     0 | D:1      | faibistes, the Deep Elf Wizard, began the quest for the Orb.
     0 | D:1      | Reached XP level 1. HP: 10/10 MP: 6/6
   144 | D:1      | Reached XP level 2. HP: 15/15 MP: 2/10
   151 | D:1      | Learned a level 2 spell: Blink
   154 | D:1      | Learned a level 2 spell: Call Imp
   449 | D:2      | Reached skill level 5 in Spellcasting
   636 | D:1      | Reached XP level 3. HP: 19/19 MP: 6/14
   641 | D:1      | Learned a level 3 spell: Conjure Flame
   645 | D:1      | Learned a level 3 spell: Mephitic Cloud
   956 | D:1      | Slain by a bat

Action                   || total
-------------------------++-------
Melee: Dagger            ||     5
 Cast: Magic Dart        ||    54
       Mephitic Cloud    ||     2
       Blink             ||     2
       Call Imp          ||     1
